 Dungeon Crawl Stone Soup version 0.20-a0-1117-g62da73f (webtiles) character file.

66126 Monsterracer the Brawler (level 14, -1/142 (143) HPs)
             Began as a Troll Monk on May 9, 2017.
             Was a Priest of Okawaru.
             Slain by an ettin
             ... wielding a +0 dire flail
              (43 damage)
             ... on level 2 of the Orcish Mines.
             The game lasted 01:03:10 (16459 turns).

Monsterracer the Brawler (Troll Monk)              Turns: 16459, Time: 01:03:11

HP:   -1/142 (143)  AC: 14    Str: 28    XL:     14   Next: 78%
MP:   14/14         EV: 14    Int: 10    God:    Okawaru [***...]
Gold: 1709          SH: 10    Dex: 17    Spells: 6/13 levels left

rFire    + . .     SeeInvis .     - Unarmed
rCold    . . .     Gourm    +   a - +0 shield
rNeg     . . .     Faith    .   B - +3 troll leather armour
rPois    .         Spirit   .   (helmet restricted)
rElec    .         Reflect  .   C - +2 cloak
rCorr    .         Harm     +   (gloves unavailable)
MR       +....                  (boots unavailable)
Stlth    ++........             D - amulet of Pegaq {Harm *Drain +Inv +Fly Int+4 Dex+3}
Regen    1.2/turn               f - ring of protection from fire
MPRegen  0.2/turn               G - +2 ring of strength

@: no status effects
A: unfitting armour, claws 3, talons 1, thin skeletal structure 1, fast
metabolism 3, gourmand, sense surroundings 1, regeneration 1, shaggy fur 1,
tough skin 2
a: Heroism, Renounce Religion, Evoke Invisibility, Evoke Flight


You were on level 2 of the Orcish Mines.
You worshipped Okawaru.
Okawaru was most pleased with you.
You were completely stuffed.

You visited 4 branches of the dungeon, and saw 20 of its levels.
You also visited: Volcano.

You collected 1709 gold pieces.

Inventory:

Hand Weapons
 y - a +2 scimitar of flaming
Missiles
 k - 17 tomahawks (quivered)
 A - 4 tomahawks of returning
Armour
 a - a +0 shield (worn)
 n - the +3 hat of Pondering {ponderous, MR+ MP+10 Int+5}
   (You took it off Gastronok on level 8 of the Dungeon)

   It affects your intelligence (+5).
   It affects your resistance to hostile enchantments.
   It affects your magic capacity (+10).
 B - a +3 troll leather armour (worn)
 C - a +2 cloak (worn)
 J - a +1 large shield of fire resistance
Jewellery
 f - a ring of protection from fire (left claw)
 j - an uncursed ring of fire
 m - an uncursed ring of teleportation
 D - the amulet of Pegaq (around neck) {Harm *Drain +Inv +Fly Int+4 Dex+3}
   (You took it off an orc on level 10 of the Dungeon)

   [amulet of harm]

   It increases damage dealt and taken.
   It affects your intelligence (+4).
   It affects your dexterity (+3).
   It lets you turn invisible.
   It lets you fly.
   It causes draining when unequipped.
 G - a +2 ring of strength (right claw)
 N - an uncursed amulet of guardian spirit
Wands
 e - a wand of iceblast (8/15)
 o - a wand of scattershot (7/9)
 q - a wand of digging (7/24)
 x - a wand of acid (11/15)
 E - a wand of lightning (4/15)
 H - a wand of lightning (8/15)
 I - a wand of lightning (10/15)
Scrolls
 d - 4 scrolls of identify
 i - 8 scrolls of remove curse
 r - 6 scrolls of teleportation
 s - 2 scrolls of fear
 u - 5 scrolls of fog
 v - 2 scrolls of blinking
 O - a scroll of summoning
 P - a scroll of recharging
Potions
 g - 6 potions of curing
 p - a potion of mutation
 w - a potion of cancellation
 F - a potion of magic
 K - a potion of brilliance
 L - a potion of agility
 M - a potion of might
Miscellaneous
 c - a lightning rod (4/4)
Comestibles
 b - 7 bread rations
 h - 11 meat rations
 l - 29 royal jellies
 t - 27 fruits
 Q - 6 chunks of flesh


   Skills:
 - Level 10.1 Fighting
 + Level 6.0 Throwing
 - Level 6.4 Armour
 - Level 10.0 Dodging
 - Level 1.0 Stealth
 - Level 3.1 Shields
 - Level 17.2 Unarmed Combat
 - Level 1.5 Invocations


You had 6 spell levels left.
You knew the following spells:

 Your Spells              Type           Power        Failure   Level  Hunger
a - Shroud of Golubria    Chrm/Tloc      #.........   92%         2    ###....
b - Song of Slaying       Chrm           #.......     92%         2    ###....
c - Regeneration          Chrm/Necr      #.........   99%         3    ####...


Dungeon Overview and Level Annotations

Branches:
Dungeon (11/15)            Temple (1/1) D:4            Lair (6/6) D:11
  Swamp (0/4) Lair:3       Spider (0/4) Lair:2        Slime (0/5) Lair:6
    Orc (2/2) D:10
    Elf: Orc:2

Altars:
Ashenzari
Cheibriados
Dithmenos
Elyvilon
Fedhas
Gozag
Hepliaklqana
Kikubaaqudgha
Makhleb
Nemelex Xobeh
Okawaru
Qazlal
Ru
Sif Muna
Trog
Uskayaw
Vehumet
Wu Jian
Xom
Yredelemnul
Zin
The Shining One
Beogh

Shops:
D:10 [   D:11 (

Annotations:
Lair:1 exclusion: 2 oklob plants


Innate Abilities, Weirdness & Mutations

You are too large for most types of armour.
You have claws for hands.
Your metabolism is lightning-fast.
You like to eat raw meat.
Your natural rate of healing is unusually fast.
You are covered in fur. (AC +1)
You have very tough skin. (AC +2)
You have sharp toenails.
You have a somewhat thin skeletal structure. (Dex +2, Stealth)
You passively map a small area around you.


Message History

The ogre shouts!
The tomahawk hits the ettin but does no damage.
The ettin is severely wounded.
You scratch the ettin but do no damage. You claw the ettin, but do no damage.
The ettin is severely wounded.
The ettin hits you with a dire flail!! The ettin misses you.
You scratch the ettin but do no damage. You claw the ettin, but do no damage.
The ettin is severely wounded.
You claw the ettin! You claw the ettin, but do no damage.
The ettin is severely wounded.
You block the ettin's attack. The ettin hits you with a great mace!!
Throwing (i - inventory. (,) - cycle):
k - 18 tomahawks (quivered)
Press: ? - help, Shift-Dir - straight line, f/p - ettin
Aim: an ettin, wielding a dire flail and a great mace (severely wounded)
You throw a tomahawk. The tomahawk hits the ettin!
The ettin is almost dead.
The ettin hits you with a dire flail!!!
* * * LOW HITPOINT WARNING * * *
The ettin hits you with a great mace!!!
You die...

, , .( * * ....#
, ...(# .## *
,...(#### ..## ,
....O#.## .#.##
,*
,#...(..##....#
**###....C#.....#
##.....$.@...#
#.....).##).##
#...#.#....).## *
#. ##.[).....## *
,,, ##)<........
##)......##... *
, #........# .. *
, *#..<.#..##, .
** , #........#


You could see an ettin and an ogre.

Vanquished Creatures
  An acid blob (Lair:6)
  Gastronok (D:8)
  Kirke (Lair:4)
  An orc warlord (Orc:1)
  The ghost of grindst0ne the Blocker, a journeyman MiBe of Trog (D:11)
  4 hydras
  3 catoblepae (Lair:6)
  Erica (Orc:1)
  A dancing weapon (Volcano)
  4 two-headed ogres
  An ogre mage (Orc:1)
  7 death yaks (Lair:6)
  4 skeletal warriors (D:11)
  5 wizards (Volcano)
  An orc knight (Orc:1)
  3 manticores
  A wolf spider (Lair:2)
  A slime creature (Lair:6)
  14 elephants
  5 toenail golems (Volcano)
  3 black mambas
  Joseph (D:7)
  7 spiny frogs
  A centaur skeleton (D:11)
  A rime drake (Lair:4)
  2 komodo dragons (Lair:2)
  3 polar bears
  3 meliai (Lair:5)
  4 trolls
  A jumping spider (Lair:2)
  A queen bee (Lair:5)
  11 hippogriffs
  2 dream sheep (D:10)
  10 blink frogs
  A wyvern (Lair:5)
  A redback (Lair:2)
  47 yaks
  3 fire bats (Lair:6)
  Eustachio (D:6)
  The ghost of Graouh the Shield-Bearer, an amateur MiFi (D:4)
  10 vampire mosquitoes
  6 insubstantial wisps
  3 wargs (Orc:1)
  5 water moccasins
  11 porcupines
  A swamp drake (Lair:4)
  20 orc warriors
  An ice beast (D:7)
  5 sky beasts
  2 black bears
  3 phantoms
  A necrophage (D:11)
  9 ogres
  10 wolves
  10 crocodiles
  6 big kobolds
  13 bullfrogs
  3 jellies
  A wyvern skeleton (D:8)
  6 scorpions
  27 killer bees
  11 wights
  2 howler monkeys
  A crimson imp (D:10)
  A bullfrog zombie (D:7)
  A centaur zombie (D:11)
  A quasit (D:11)
  11 orc priests
  6 hounds
  15 orc wizards
  4 bullfrog skeletons
  3 iguanas
  13 worker ants
  A hound zombie (D:11)
  6 adders
  9 shadow imps
  An ooze (D:1)
  An adder skeleton (D:4)
  2 adder zombies
  3 worms
  2 dart slugs
  10 leopard geckos
  77 orcs
  4 ball pythons
  12 bats
  7 giant cockroaches
  8 hobgoblins
  12 jackals
  6 quokkas
  5 frilled lizards
  4 goblins
  A jackal skeleton (D:8)
  2 jackal zombies (D:5)
  24 kobolds
  2 leopard gecko skeletons
  A quokka zombie (D:6)
  4 rats
  2 plants (Lair:5)
592 creatures vanquished.

Vanquished Creatures (others)
  2 humans (Lair:4)
  29 fungi
  6 plants (Lair:6)
37 creatures vanquished.

Grand Total: 629 creatures vanquished

Notes
Turn   | Place    | Note
-------+----------+-------------------------------------------
     0 | D:1      | Monsterracer the Troll Monk began the quest for the Orb.
     0 | D:1      | Reached XP level 1. HP: 22/22 MP: 0/0
   198 | D:1      | Reached XP level 2. HP: 20/29 MP: 1/1
   359 | D:1      | Reached skill level 4 in Unarmed Combat
   671 | D:2      | Reached XP level 3. HP: 35/36 MP: 2/2
  1064 | D:2      | Found a sparkling altar of Nemelex Xobeh.
  1292 | D:3      | Reached XP level 4. HP: 44/44 MP: 3/3
  1294 | D:3      | Reached skill level 5 in Unarmed Combat
  1306 | D:3      | Noticed a bullfrog
  1317 | D:3      | Killed a bullfrog
  1317 | D:3      | Reached XP level 5. HP: 45/50 MP: 4/4
  1554 | D:3      | Reached skill level 6 in Unarmed Combat
  1934 | D:4      | Noticed a phantom
  1938 | D:4      | Noticed Graouh's ghost (amateur MiFi)
  1940 | D:4      | Killed a phantom
  1940 | D:4      | Reached XP level 6. HP: 51/59 MP: 5/5
  1952 | D:4      | Killed Graouh's ghost
  1952 | D:4      | Reached skill level 7 in Unarmed Combat
  2097 | D:4      | Reached skill level 8 in Unarmed Combat
  2097 | D:4      | Reached XP level 7. HP: 57/66 MP: 6/6
  2106 | D:4      | Found a staircase to the Ecumenical Temple.
  2112 | Temple   | Entered the Ecumenical Temple
  2593 | D:5      | Entered Level 5 of the Dungeon
  3016 | D:5      | Reached skill level 9 in Unarmed Combat
  3180 | D:5      | Found an iron altar of Okawaru.
  3445 | D:6      | Found a snail-covered altar of Cheibriados.
  3453 | D:6      | Reached XP level 8. HP: 74/74 MP: 7/7
  3613 | D:6      | Gained mutation: You passively map a small area around you. [potion of mutation]
  3613 | D:6      | Gained mutation: You have sharp toenails. [potion of mutation]
  3613 | D:6      | Gained mutation: You have a somewhat thin skeletal structure. (Dex +2, Stealth) [potion of mutation]
  3656 | D:6      | Noticed Eustachio
  3674 | D:6      | Killed Eustachio
  3960 | D:6      | Found a glowing golden altar of the Shining One.
  3960 | D:6      | Found an iron altar of Okawaru.
  4125 | D:7      | Reached skill level 10 in Unarmed Combat
  4318 | D:7      | Noticed a hippogriff
  4332 | D:7      | Killed a hippogriff
  4477 | D:7      | Reached XP level 9. HP: 78/84 MP: 8/8
  4587 | D:7      | Noticed Joseph
  4605 | D:7      | Killed Joseph
  4605 | D:7      | Reached skill level 11 in Unarmed Combat
  5128 | D:8      | Reached skill level 5 in Fighting
  5160 | D:8      | Reached skill level 5 in Dodging
  5231 | D:8      | Reached skill level 1 in Throwing
  5332 | D:8      | Noticed Gastronok
  5575 | D:8      | Killed Gastronok
  5575 | D:8      | Reached skill level 12 in Unarmed Combat
  5575 | D:8      | Reached XP level 10. HP: 25/98 MP: 9/9
  6313 | D:9      | Found a burning altar of Makhleb.
  6314 | D:9      | Found a white marble altar of Elyvilon.
  6314 | D:9      | Found an opulent altar of Gozag.
  6315 | D:9      | Found a snail-covered altar of Cheibriados.
  6625 | D:9      | Found a roughly hewn altar of Beogh.
  6674 | D:9      | Reached skill level 13 in Unarmed Combat
  7089 | D:10     | Entered Level 10 of the Dungeon
  7146 | D:10     | Reached XP level 11. HP: 106/107 MP: 10/10
  7634 | D:10     | Noticed a three-headed hydra
  7642 | D:10     | Killed a six-headed hydra
  7861 | D:10     | Found a staircase to the Orcish Mines.
  7861 | D:10     | Found Oleogan's Armour Shoppe.
  7885 | D:10     | Got a faintly glowing zirconium amulet
  7888 | D:10     | Identified the amulet of Pegaq {Harm *Drain +Inv +Fly Int+4 Dex+3} (You took it off an orc on level 10 of the Dungeon)
  8061 | D:10     | Reached skill level 14 in Unarmed Combat
  8163 | D:11     | Found Maloqeas's Weapon Boutique.
  8547 | D:11     | Noticed a skeletal warrior
  8557 | D:11     | Noticed grindst0ne's ghost (journeyman MiBe)
  8570 | D:11     | Killed grindst0ne's ghost
  8570 | D:11     | Reached skill level 1 in Armour
  8670 | D:11     | Found a staircase to the Lair.
  8673 | D:11     | Noticed a skeletal warrior
  8673 | D:11     | Noticed a skeletal warrior
  8675 | D:11     | Noticed a skeletal warrior
  8679 | D:11     | Killed a skeletal warrior
  8691 | D:11     | Killed a skeletal warrior
  8691 | D:11     | Reached XP level 12. HP: 109/119 MP: 11/11
  8843 | Lair:1   | Entered Level 1 of the Lair of Beasts
  9141 | Lair:1   | Learned a level 2 spell: Shroud of Golubria
  9144 | Lair:1   | Learned a level 2 spell: Song of Slaying
  9148 | Lair:1   | Learned a level 3 spell: Regeneration
  9913 | Lair:2   | Reached skill level 15 in Unarmed Combat
  9932 | Lair:2   | Noticed an eight-headed hydra
  9937 | Lair:2   | Killed an eight-headed hydra
 10336 | Lair:2   | Found a hole to the Spider Nest.
 10636 | Lair:3   | Found a staircase to the Swamp.
 11766 | Lair:4   | Noticed a four-headed hydra
 11780 | Lair:4   | Killed a nine-headed hydra
 11785 | Lair:4   | Noticed Kirke
 11796 | Lair:4   | Killed Kirke
 11796 | Lair:4   | Reached XP level 13. HP: 86/127 MP: 12/12
 12067 | Lair:4   | Reached skill level 5 in Throwing
 13395 | Lair:6   | Entered Level 6 of the Lair of Beasts
 13557 | Lair:4   | Reached skill level 16 in Unarmed Combat
 13903 | Lair:6   | Reached skill level 5 in Armour
 13911 | Lair:6   | Found a dark tunnel.
 13925 | Volcano  | Entered a volcano
 14117 | Volcano  | Reached XP level 14. HP: 137/139 MP: 13/13
 14382 | Lair:6   | Reached skill level 1 in Shields
 14796 | Lair:6   | Noticed an acid blob
 14804 | Lair:6   | Killed an acid blob
 15019 | Lair:6   | Found a staircase to the Slime Pits.
 15046 | Lair:6   | Reached skill level 10 in Fighting
 15051 | Lair:6   | Reached skill level 17 in Unarmed Combat
 15269 | Orc:1    | Entered Level 1 of the Orcish Mines
 15269 | Orc:1    | Noticed Erica
 15275 | Orc:1    | Killed Erica
 15324 | Orc:1    | Found a roughly hewn altar of Beogh.
 15467 | Orc:1    | Found a roughly hewn altar of Beogh.
 15711 | D:6      | Became a worshipper of Warmaster Okawaru
 15711 | D:6      | Reached * piety under Okawaru
 15711 | D:6      | Reached ** piety under Okawaru
 15931 | Orc:1    | Noticed an orc warlord
 15957 | Orc:1    | Killed an orc warlord
 16196 | Orc:2    | Entered Level 2 of the Orcish Mines
 16199 | Orc:2    | Reached skill level 1 in Invocations
 16294 | Orc:2    | Reached *** piety under Okawaru
 16311 | Orc:1    | Reached skill level 10 in Dodging
 16459 | Orc:2    | Slain by an ettin

Vault maps used:
D:1:      ncdulo_lavacross, minmay_misc_feat_plants
D:2:      kennysheep_nub, nemelex_spade_bored_becter
D:3:      first_bread
D:4:      minmay_temple_entry_fiery
D:5:      hangedman_decor_clover_reticule, kennysheep_okawaru_gauntlet
D:6:      amethyst_overflow_temple_binary, serial_glass, glass_columns_c,
          glass_columns_a, glass_columns_c, glass_columns_a, glass_columns_c,
          glass_columns_c, cheibriados_altar_1, uniq_eustachio
D:7:      uniq_joseph
D:8:      uniq_gastronok
D:9:      chequers_temple_overflow_statue_of_worship
D:10:     orc_david_3, hangedman_ranch
D:11:     serial_shops, shop
Temple:   regret_index_temple_sphere_string
Lair:1:   minmay_lair_oklob_chamber, grunt_megastairs_3, serial_bayou_shore_b
Lair:2:   spider_nest_entry_funnel_web
Lair:3:   minmay_swamp_entry_swarm
Lair:4:   serial_bayou_pond_b, lemuel_fruit_tree, infiniplex_staircase_pool_2,
          grunt_megastairs_5, uniq_kirke
Lair:5:   special_room, pond
Lair:6:   evilmike_catoblepas_cave, minmay_slime_entry_pillars,
          nicolae_volcano_entry_batcave
Orc:1:    cheibrodos_orc_arena, basic_altar, lemuel_statue_altar, uniq_erica
Orc:2:    st_orc_open, serial_shops, nicolae_shop_window_shopping
Volcano:  volcano_bunker

Skill      XL: |  1  2  3  4  5  6  7  8  9 10 11 12 13 14 |
---------------+-------------------------------------------+-----
Unarmed Combat | 4 5 6 8 9 10 12 13 14 15 16 17 | 17.2
Fighting       | 4 5 6 7 8 9 10 | 10.1
Dodging        | 4 5 6 7 8 9 10 | 10.0
Throwing       | 3 4 6 |  6.0
Armour         | 1 3 5 6 |  6.4
Shields        | 3 |  3.1
Invocations    | 1 |  1.5
Stealth        | |  1.0

Action                   |  1- 3 |  4- 6 |  7- 9 | 10-12 | 13-15 || total
-------------------------+-------+-------+-------+-------+-------++-------
Melee: Unarmed           |   104 |    72 |   319 |   553 |   550 ||  1598
       Punch             |     4 |     4 |    11 |    46 |    38 ||   103
       Kick              |       |       |    61 |   199 |   217 ||   477
Throw: Stone             |       |       |       |   145 |   114 ||   259
       Tomahawk          |       |       |       |     1 |     6 ||     7
Evoke: Wand              |       |       |       |     7 |     6 ||    13
  Use: Potion            |     4 |       |     6 |     8 |     3 ||    21
       Scroll            |       |     8 |    10 |    13 |     6 ||    37
 Stab: Sleeping          |       |     2 |     6 |     4 |     1 ||    13
       Distracted        |       |       |     1 |       |     1 ||     2
       Invisible         |       |       |       |     2 |     7 ||     9
  Eat: Chunk             |    17 |     8 |    30 |    56 |    49 ||   160
Armor: Robe              |    43 |    19 |    70 |    68 |       ||   200
       Skin              |       |       |     7 |     9 |       ||    16
       Troll leather arm |       |       |       |    72 |   171 ||   243
Dodge: Dodged            |    48 |    34 |   139 |   298 |   393 ||   912
Block: Shield            |       |       |       |       |    61 ||    61
